 Dungeon Crawl Stone Soup version 0.29-a0-23-ga79f92ac9c (webtiles) character file.

Game seed: 11632318702462132575

98 oldriver the Sneak (level 4, -2/28 HPs)
             Began as a Vampire Enchanter on Jan 30, 2022.
             Killed from afar by Natasha (9 damage)
             ... with a magic dart
             ... on level 3 of the Dungeon.
             The game lasted 00:05:15 (2419 turns).

oldriver the Sneak (Vampire Enchanter)              Turns: 2419, Time: 00:05:19

Health: -2/28      AC:  3    Str:  7    XL:     4   Next: 43%
Magic:  7/7        EV: 12    Int: 17    God:
Gold:   53         SH:  0    Dex: 16    Spells: 2/7 levels left

rFire   + . .      SeeInvis +   h - +1 dagger (elec)
rCold   + + .      Faith    .   (no shield)
rNeg    + + +      Spirit   .   b - +0 robe
rPois   ∞          Reflect  .   (no helmet)
rElec   .          Harm     .   (no cloak)
rCorr   .          Rampage  .   d - +0 pair of gloves
Will    .....                   (no boots)
Stlth   +++++.....              (no amulet)
HPRegen 0.00/turn               i - ring of protection from fire
MPRegen 0.10/turn               (no ring)

@: bloodless, inhibited regen
A: bloodless, fangs 3, see invisible, vampiric 2
a: Bat Form, Revivify


You were on level 3 of the Dungeon.
You visited 1 branch of the dungeon, and saw 3 of its levels.

You collected 113 gold pieces.
You spent 60 gold pieces at shops.

Inventory:

Hand Weapons
 h - a +1 dagger of electrocution (weapon)
Armour
 b - a +0 robe (worn)
 d - a +0 pair of gloves (worn)
Jewellery
 i - a ring of protection from fire (left hand)
Scrolls
 e - 2 scrolls of teleportation
 g - a scroll of identify {unknown}
Potions
 a - 2 potions of berserk rage {unknown}
 c - a potion of invisibility
 f - a potion of heal wounds {unknown}
 j - a potion of curing


   Skills:
 + Level 3.0 Fighting
 - Level 1.1 Short Blades
 + Level 2.3 Dodging
 + Level 5.1 Stealth
 + Level 2.0 Spellcasting
 - Level 5.0 Hexes


You had 2 spell levels left.
You knew the following spells:

 Your Spells              Type           Power      Damage    Failure   Level
a - Ensorcelled Hibernat  Hex/Ice        20%        N/A       11%         2
b - Confusing Touch       Hex            18%        N/A       8%          3

Your spell library contained the following spells:

 Spells                   Type           Power      Damage    Failure   Level
 Animate Skeleton         Necr           2%         N/A       19%         1
 Apportation              Tloc           2%         N/A       19%         1
 Beastly Appendage        Tmut           2%         N/A       19%         1
 Summon Small Mammal      Summ           4%         N/A       19%         1
 Wereblood                Tmut           1%         N/A       28%         2
 Tukima's Dance           Hex            18%        N/A       8%          3
 Dazzling Flash           Conj/Hex       20%        N/A       21%         3
 Spider Form              Tmut/Pois      1%         N/A       50%         3


Dungeon Overview and Level Annotations

Branches:
Dungeon (3/15)

Altars:

Shops:
D:3 *

Annotations:
D:3 Natasha


Innate Abilities, Weirdness & Mutations

You do not regenerate when monsters are visible.
You are frail without blood (-20% HP).
You can heal yourself when you bite living creatures.
You are immune to poison.
You have razor-sharp teeth.
You have supernaturally acute eyesight. (SInv)
You are afflicted with vampirism and can become a bat while bloodless.


Message History

Natasha, Servant of Life and Death comes into view.
You see here a ball python corpse.
Okay, then.
Natasha casts a spell.
Natasha casts a spell.
You closely miss Natasha. Natasha closely misses you.
You hit Natasha.
Natasha is moderately wounded.
Natasha casts a spell at you. The magic dart hits you!
You hit Natasha but do no damage.
Natasha is moderately wounded.
The crimson imp closely misses you.
Natasha stares at you and mumbles some strange words.
The magic dart hits you.
You hit Natasha but do no damage.
Natasha is moderately wounded.
The crimson imp hits you. Natasha claws you but does no damage.
You miss Natasha. You bite Natasha, but do no damage.
Natasha is moderately wounded.
The crimson imp closely misses you.
You hit Natasha. Your bite misses Natasha.
Natasha is moderately wounded.
Natasha claws you but does no damage. The crimson imp misses you.
You closely miss Natasha.
Natasha is moderately wounded.
Natasha claws you. The crimson imp closely misses you.
You hit Natasha but do no damage.
Natasha is moderately wounded.
Natasha barely misses you.
You hit Natasha.
Natasha is heavily wounded.
The crimson imp hits you. Natasha completely misses you.
You hit Natasha.
Natasha is severely wounded.
The crimson imp hits you.
* * * LOW HITPOINT WARNING * * *
Natasha stares at you and mumbles some strange words.
The magic dart hits you!
You die...

#.#......⌠.⌠# #... #
#.........####...
#..............⌠.
###..###....#.... #.#<....#.##...
########...##..#.#....
######........###..##..†.⌠w ..
#......#####.........#.<.S.
.#..##.######.5@h5..........###.
...........###.###............###
#####..(...................##.# #
................#.........# .#
######....).#.#...######### .
#........##.:.###
#.....†##........
#......#..###.hr. #..†.....##
#.5.


You could see an iron imp (summoned), Natasha and a crimson imp (summoned).

Vanquished Creatures
  3 adders
  A worm (D:3)
  A dart slug (D:1)
  An orc (D:2)
  9 endoplasms
  4 giant cockroaches
  3 goblins
  4 hobgoblins
  4 jackals
  2 quokkas
  8 ball pythons
  8 bats
  6 frilled lizards
  7 kobolds
  3 rats
64 creatures vanquished.

Notes
Turn   | Place    | Note
-------+----------+-------------------------------------------
     0 | D:1      | oldriver the Vampire Enchanter began the quest for the Orb.
     0 | D:1      | Reached XP level 1. HP: 13/13 MP: 3/3
    54 | D:1      | Reached skill level 1 in Fighting
   383 | D:1      | Reached XP level 2. HP: 15/21 MP: 5/5
  1073 | D:1      | Gained mutation: You are afflicted with vampirism and can
                  | become a bat while bloodless. [Vampire growth]
  1073 | D:1      | Reached XP level 3. HP: 27/27 MP: 6/6
  1198 | D:1      | Reached skill level 5 in Stealth
  1405 | D:1      | Learned a level 2 spell: Ensorcelled Hibernation
  1409 | D:1      | Learned a level 3 spell: Confusing Touch
  2152 | D:2      | Reached skill level 5 in Hexes
  2198 | D:3      | Found a faded altar of an unknown god.
  2209 | D:3      | Reached XP level 4. HP: 26/27 MP: 7/7
  2278 | D:3      | Found Taisk's General Store.
  2357 | D:3      | Bought a scroll of teleportation for 30 gold pieces
  2357 | D:3      | Bought a potion of curing for 30 gold pieces
  2394 | D:3      | Noticed Natasha
  2419 | D:3      | Killed from afar by Natasha

Illustrated notes

Levels and vault maps discovered:
D:1:      minmay_arrival_checkered_box, layout_basic
D:2:      layout_basic
D:3:      layout_rooms, ebering_ecumenical_altar_box, serial_shops,
          shop_fountains, grunt_ministairs_2, uniq_natasha

Skill      XL: |  1  2  3  4 |
---------------+-------------+-----
Fighting       | 1 2 3 |  3.0
Stealth        | 5 |  5.1
Hexes          | 5 |  5.0
Short Blades   | |  1.1
Dodging        | |  2.3
Spellcasting   | |  2.0

Action                   |  1- 3 |  4- 6 || total
-------------------------+-------+-------++-------
Melee: Dagger            |   142 |    35 ||   177
       Bite              |    13 |     2 ||    15
       Punch             |     4 |       ||     4
 Cast: Ensorcelled Hiber |       |     1 ||     1
 Abil: Exsanguinate      |     1 |       ||     1
 Stab: Sleeping          |    19 |     5 ||    24
Armor: Robe              |    29 |     9 ||    38
Dodge: Dodged            |    70 |    22 ||    92

Table legend: (Time is in decaauts)
 A = Elapsed time spent in this place.
 B = Non-inter-level travel time spent in this place.
 C = Inter-level travel time spent in this place.
 D = Time resting spent in this place.
 E = Time spent auto-exploring this place.
 F = Levels seen in this place.
 G = Mean time per level.
                   A        B        C        D        E       F      G
               +--------+--------+--------+--------+--------+-----+--------+
         Total |   2409 |   2281 |    128 |    357 |   1210 |   3 |  803.0 |
       Dungeon |   2409 |   2281 |    128 |    357 |   1210 |   3 |  803.0 |
               +--------+--------+--------+--------+--------+-----+--------+

Top non-repeatable levels by time:
     D:1: 1497 daAuts
     D:2: 683 daAuts
     D:3: 228 daAuts
